 Dungeon Crawl Stone Soup version 0.28.0-53-g5a82cb258f (webtiles) character file.

Game seed: 14431736996310177138

11391 safid the Spear-Bearer (level 11, -4/94 HPs)
             Began as a Hill Orc Fighter on July 31, 2022.
             Was an Elder of Beogh.
             Slain by a six-headed hydra (12 damage)
             ... on level 10 of the Dungeon.
             The game lasted 00:16:27 (12477 turns).

safid the Spear-Bearer (Hill Orc Fighter)          Turns: 12477, Time: 00:16:29

Health: -4/94      AC: 20    Str: 26    XL:     11   Next: 77%
Magic:  11/11      EV:  5    Int:  8    God:    Beogh [****..]
Gold:   786        SH: 18    Dex: 14    Spells: 10/10 levels left

rFire   + + .      SeeInvis .   w - +10 trident "Ukhlum" {vorpal, rPois rF+}
rCold   . . .      Faith    .   R - +0 tower shield
rNeg    . . .      Spirit   .   b - +0 plate armour
rPois   +          Reflect  +   l - +0 helmet
rElec   .          Harm     .   L - +0 cloak
rCorr   .          Rampage  .   H - +2 pair of gloves
Will    .....                   h - +0 pair of boots
Stlth   ..........              E - amulet of the Hidden Baking Yaks {Reflect rF+ Str+2 Dex+4 SH+5}
HPRegen 0.25/turn               y - +4 ring of slaying
MPRegen 0.12/turn               A - ring of flight

@: flying
A: no striking features
a: Renounce Religion, Smiting, Recall Orcish Followers


You were on level 10 of the Dungeon.
You worshipped Beogh.
Beogh was greatly pleased with you.
You visited 1 branch of the dungeon, and saw 11 of its levels.

You collected 814 gold pieces.
You spent 28 gold pieces at shops.

Inventory:

Hand Weapons
 a - a +0 war axe
 w - the +10 trident "Ukhlum" (weapon) {vorpal, rPois rF+}
   (You found it on level 5 of the Dungeon)

   It inflicts extra damage upon your enemies.
   rF:        It protects you from fire.
   rPois:     It protects you from poison.
Missiles
 g - 2 throwing nets (quivered)
 p - 24 poisoned darts
 O - 2 curare-tipped darts
Armour
 b - a +0 plate armour (worn)
 h - a +0 pair of boots (worn)
 l - a +0 helmet (worn)
 H - a +2 pair of gloves (worn)
 L - a +0 cloak (worn)
 R - a +0 tower shield (worn)
Jewellery
 y - a +4 ring of slaying (left hand)
 A - a ring of flight (right hand)
 E - the amulet of the Hidden Baking Yaks (around neck) {Reflect rF+ Str+2 Dex+4 SH+5}
   (You found it on level 7 of the Dungeon)

   [amulet of reflection]

   It reflects blocked missile attacks.
   Str:       It affects your strength (+2).
   Dex:       It affects your dexterity (+4).
   rF:        It protects you from fire.
   SH:        It affects your SH (+5).
 F - a ring of ice
 K - a ring of poison resistance
Wands
 e - a wand of iceblast (22)
 j - a wand of polymorph (6)
 x - a wand of acid (11)
 B - a wand of paralysis (11)
Scrolls
 c - a scroll of identify
 o - 2 scrolls of fog
 q - a scroll of magic mapping
 r - 3 scrolls of teleportation
 t - a scroll of vulnerability {unknown}
 v - a scroll of immolation {unknown}
 D - a scroll of noise {unknown}
 P - a scroll of enchant weapon {unknown}
Potions
 d - 3 potions of might
 f - a potion of invisibility {unknown}
 m - 2 potions of lignification
 n - 3 potions of mutation
 s - 2 potions of flight {unknown}
 u - a potion of ambrosia {unknown}
 z - 4 potions of attraction {unknown}
 C - a potion of resistance {unknown}
 G - 2 potions of heal wounds {unknown}
 I - a potion of degeneration {unknown}
 J - 2 potions of curing {unknown}
 M - a potion of cancellation {unknown}
 N - a potion of haste {unknown}
 Q - a potion of brilliance {unknown}


   Skills:
 + Level 7.8 Fighting
 - Level 10.2(14.0) Axes
 - Level 12.9(14.0) Polearms
 + Level 5.0 Throwing
 + Level 7.4 Armour
 + Level 4.5 Dodging
 + Level 4.1 Shields


You had 10 spell levels left.
You didn't know any spells.
Your spell library contained the following spells:

 Spells                   Type           Power      Damage    Failure   Level
 Summon Small Mammal      Summ           0%         N/A       100%        1
 Poisonous Vapours        Pois/Air       0%         N/A       100%        2
 Call Canine Familiar     Summ           0%         N/A       100%        3
 Summon Guardian Golem    Hex/Summ       0%         N/A       100%        3
 Fireball                 Conj/Fire      0%         3d3       100%        5
 Yara's Violent Unravell  Hex/Tmut       0%         3d3       100%        5
 Starburst                Conj/Fire      0%         6d3       100%        6
 Discord                  Hex            0%         N/A       100%        8
 Ignition                 Fire           0%         3d3       100%        8


Dungeon Overview and Level Annotations

Branches:
Dungeon (11/15)            Temple (0/1) D:6            Lair (0/6) D:10
    Orc (0/2) D:9

Altars:
Cheibriados
Gozag
Kikubaaqudgha
Qazlal
Ru
Sif Muna
Trog
Wu Jian
Xom
Zin
Beogh

Shops:
D:7 *

Portals:
Abyss: D:3

Annotations:
D:3 2 transporters
D:7 2 transporters, turdburglar's ghost, novice GnAM
D:8 Gastronok
D:9 1 runed translucent door


Message History

The howler monkey hits you but does no damage.
There is a stone staircase leading up, spattered with blood here.
You block the meliai zombie's attack. x2; You block the howler monkey's attack.
The two-headed ogre hits you but does no damage. x2
The six-headed hydra bites you. The six-headed hydra barely misses you.
The six-headed hydra bites you but does no damage.
The six-headed hydra bites you.
The six-headed hydra bites you but does no damage. x2
The howler monkey hits you but does no damage.
You fly upwards.
There is a stone staircase leading down here.
Unknown command.
As you read the scroll of summoning, it crumbles to dust.
Wisps of shadow whirl around you... You block the howler monkey's attack.
The two-headed ogre hits you with a +0 giant club!
The two-headed ogre hits you with a +0 giant club.
You block the howler monkey's attack.
The six-headed hydra completely misses you.
The six-headed hydra bites you!
The six-headed hydra bites you but does no damage.
You block the six-headed hydra's attack.
The six-headed hydra bites you but does no damage.
The six-headed hydra barely misses you.
The two-headed ogre hits you with a +0 giant club!!
* * * LOW HITPOINT WARNING * * *
The two-headed ogre barely misses you.
The howler monkey hoots and howls with incredible vigour!
As you read the scroll of fear, it crumbles to dust.
You assume a fearsome visage.
The six-headed hydra easily resists.
The two-headed ogre looks frightened!
The howler monkey looks frightened! x2
The two-headed ogre looks frightened!
The two-headed ogre closely misses your yak.
The two-headed ogre hits your yak with a +0 giant club!!
The howler monkey barely misses your troll.
You block the six-headed hydra's attack.
The six-headed hydra bites you!
* * * LOW HITPOINT WARNING * * *
The six-headed hydra bites you but does no damage.
The six-headed hydra bites you!
You die...

#..[........♣......>.P.....#
#.............P..P.P..P.P.P#
#...................P......#
#...............P.......♣.##
#.........##........P....P#
#.......#.#.....[.....P..#######
#.........#.#..z.......♣........
#...........#.†.O♣....#########.
####...##...#.D@hT######## ##
#...##...YYhOzz###....#
#...#..##..TYzY.##....####
#..†)..########Y.........#
#.†..#.#...#######....##.####
#............................
#...##.###########....###...#
#...#.....## #......###....
#..........## #.#....##.....


You could see a six-headed hydra, 2 two-headed ogres, 2 howler monkeys, 5
friendly yaks, 2 friendly trolls and 4 friendly wights.

Vanquished Creatures
  Fannar (D:10)
  Pikel (D:7)
  An unseen horror (D:9)
  Maggie (D:7)
  A troll (D:11)
  A hornet (D:7)
  A meliai zombie (D:11)
  A shadow (D:8)
  15 yaks
  3 wyverns
  A basilisk (D:10)
  Grum (D:10)
  An acid dragon (D:7)
  A water moccasin (D:10)
  4 orc warriors
  2 sky beasts
  2 black bears (D:4)
  4 ogres (D:6)
  3 necrophages (D:6)
  6 wolves (D:10)
  A phantom (D:6)
  2 lemures (D:7)
  6 centaurs
  3 kobold brigands
  6 bullfrogs
  A wyvern zombie (D:6)
  6 scorpions
  A water moccasin skeleton (D:4)
  3 killer bees (D:9)
  6 wights (D:6)
  4 electric eels (D:8)
  5 howler monkeys
  A bullfrog zombie (D:7)
  A centaur zombie (D:9)
  A centaur skeleton (D:4)
  4 hounds
  2 bullfrog skeletons
  3 orc priests
  A jelly (D:6)
  2 iguanas
  4 orc wizards
  A hound skeleton (D:4)
  Robin (D:2)
  6 adders
  A shadow imp (D:6)
  A white imp (D:6)
  3 worms
  4 dart slugs
  22 orcs
  6 ball pythons
  10 bats
  9 endoplasms
  2 giant cockroaches
  11 goblins
  12 hobgoblins
  22 jackals
  7 quokkas
  2 frilled lizards
  18 kobolds
  4 rats
  A butterfly (D:9)
257 creatures vanquished.

Vanquished Creatures (collateral kills)
  A hydra (D:9)
  A centaur zombie (D:10)
  A wyvern (D:10)
  2 wolves (D:10)
  An iguana (D:10)
  A butterfly (D:9)
7 creatures vanquished.

Vanquished Creatures (others)
  2 orc warriors (D:10)
  A human (D:4)
  2 orc priests
  2 orc wizards (D:10)
  4 orcs
  3 jackals (D:3)
  A kobold (D:3)
  4 fungi (D:8)
  33 plants (D:3)
52 creatures vanquished.

Grand Total: 316 creatures vanquished

Notes
Turn   | Place    | Note
-------+----------+-------------------------------------------
     0 | D:1      | safid the Hill Orc Fighter began the quest for the Orb.
     0 | D:1      | Reached XP level 1. HP: 19/19 MP: 1/1
     9 | D:1      | You fall into a shaft and drop 1 floor!
   134 | D:1      | Reached XP level 2. HP: 22/27 MP: 2/2
   495 | D:1      | Reached XP level 3. HP: 33/33 MP: 3/3
  1307 | D:2      | Reached XP level 4. HP: 35/40 MP: 4/4
  1519 | D:2      | Noticed Robin
  1529 | D:2      | Killed Robin
  1741 | D:3      | Found a transporter.
  1860 | D:3      | Noticed a small abomination
  1908 | D:3      | Became a worshipper of Beogh the Brigand
  1915 | D:3      | Reached skill level 5 in Axes
  2090 | D:3      | Found a transporter.
  2104 | D:3      | Noticed a kobold brigand
  2119 | D:3      | Noticed a small abomination
  2120 | D:3      | Found a one-way gate to the infinite horrors of the Abyss.
  2258 | D:3      | Reached XP level 5. HP: 42/46 MP: 5/5
  3041 | D:4      | Reached * piety under Beogh
  3060 | D:4      | Noticed a black bear
  3066 | D:4      | Killed a black bear
  3067 | D:4      | Reached XP level 6. HP: 39/52 MP: 6/6
  3235 | D:4      | Found an ancient bone altar of Kikubaaqudgha.
  3269 | D:4      | Noticed a human
  3271 | D:4      | Killed a human
  3311 | D:4      | Noticed a black bear
  3329 | D:4      | Killed a black bear
  3668 | D:4      | Reached XP level 7. HP: 59/59 MP: 7/7
  3932 | D:4      | Found a stormy altar of Qazlal.
  4003 | D:4      | Reached skill level 10 in Axes
  4192 | D:5      | Entered Level 5 of the Dungeon
  4223 | D:5      | Identified the +10 trident "Ukhlum" {vorpal, rPois rF+}
  4365 | D:5      | Reached skill level 1 in Polearms
  4490 | D:5      | Reached skill level 2 in Polearms
  4655 | D:5      | Reached skill level 3 in Polearms
  4655 | D:5      | Reached XP level 8. HP: 60/66 MP: 8/8
  4723 | D:6      | Reached skill level 4 in Polearms
  4800 | D:6      | Reached skill level 5 in Polearms
  4934 | D:6      | Reached ** piety under Beogh
  4935 | D:6      | Reached skill level 6 in Polearms
  5093 | D:6      | Reached skill level 7 in Polearms
  5178 | D:6      | Got the Collected Works on Enchanting Intoxication
  5259 | D:6      | Found a staircase to the Ecumenical Temple.
  5277 | D:6      | Reached skill level 8 in Polearms
  5277 | D:6      | Reached XP level 9. HP: 62/71 MP: 9/9
  5641 | D:6      | Reached skill level 9 in Polearms
  6010 | D:7      | Reached skill level 10 in Polearms
  6040 | D:7      | Found a sacrificial altar of Ru.
  6345 | D:7      | Found Qeran's General Store.
  6353 | D:7      | Bought a scroll of identify for 28 gold pieces
  6386 | D:7      | Noticed a troll
  6388 | D:7      | Noticed turdburglar's ghost (novice GnAM)
  6392 | D:7      | Found a transporter.
  6424 | D:7      | Noticed Pikel
  6436 | D:7      | Killed Pikel
  6437 | D:7      | Reached skill level 11 in Polearms
  6490 | D:7      | Identified the amulet of the Hidden Baking Yaks {Reflect
                  | rF+ Str+2 Dex+4 SH+5}
  6505 | D:7      | Found a transporter.
  6544 | D:7      | Reached XP level 10. HP: 78/78 MP: 10/10
  6675 | D:7      | Noticed Maggie
  6684 | D:7      | Killed Maggie
  6685 | D:7      | Reached skill level 12 in Polearms
  7469 | D:8      | Noticed a death knight
  8171 | D:8      | Reached skill level 1 in Throwing
  8176 | D:8      | Reached skill level 1 in Dodging
  8273 | D:8      | HP: 1/80 [electric eel/bolt of electricity (8)]
  8916 | D:8      | Reached *** piety under Beogh
  8925 | D:8      | Found a glowing silver altar of Zin.
  8926 | D:8      | Found an opulent altar of Gozag.
  8926 | D:8      | Found a shimmering blue altar of Sif Muna.
  8939 | D:8      | Found a bloodstained altar of Trog.
  8988 | D:8      | Reached skill level 5 in Fighting
  8993 | D:8      | Noticed Gastronok
  9661 | D:9      | Reached skill level 5 in Armour
  9725 | D:9      | Found a shimmering altar of Xom.
  9903 | D:9      | Found a runed translucent door.
  9945 | D:9      | Found a staircase to the Orcish Mines.
  9970 | D:9      | Found a roughly hewn altar of Beogh.
 10079 | D:9      | Noticed a sixfirhy
 10088 | D:9      | Noticed an eight-headed hydra
 10092 | D:9      | Killed an eight-headed hydra
 10093 | D:9      | Reached XP level 11. HP: 57/89 MP: 11/11
 10383 | D:9      | Found a snail-covered altar of Cheibriados.
 10902 | D:10     | Entered Level 10 of the Dungeon
 11013 | D:10     | Found an ornate altar of the Wu Jian Council.
 11063 | D:10     | Reached **** piety under Beogh
 11096 | D:10     | Found a staircase to the Lair.
 11156 | D:10     | Noticed Fannar
 11156 | D:10     | Noticed Grum
 11176 | D:10     | Killed Grum
 11510 | D:10     | Killed Fannar
 12288 | D:11     | Noticed a two-headed ogre
 12289 | D:11     | Noticed a manticore
 12305 | D:11     | Noticed a six-headed hydra
 12313 | D:11     | Noticed a two-headed ogre
 12328 | D:10     | Reached skill level 5 in Throwing
 12477 | D:10     | Slain by a six-headed hydra

Illustrated notes

Levels and vault maps discovered:
D:1:      sevenhm_arrival_forest_fort_large_2, layout_basic,
          lemuel_another_geyser
D:2:      layout_loops_ring, uniq_robin
D:3:      minmay_wonky_spiral, layout_loops_ring,
          gammafunk_ghost_abyssal_escape, serial_bayou_lake_a
D:4:      nicolae_cairo_tiling_very_big, layout_rooms,
          mainiacjoe_overflow_alcove_2, tgw_kikubaaqudgha
D:5:      layout_basic
D:6:      layout_gridville, minmay_temple_entry_ruins, minmay_between
D:7:      layout_basic, lemuel_tele_altar, gammafunk_ghost_arena,
          kennysheep_windowed_goal, uniq_maggie, uniq_pikel
D:8:      layout_basic, nicolae_overflow_quartered_altars, fungi_pond_lemuel,
          minmay_misc_feat_x, small_chamber_with_monster, fountainhead,
          roderic_nine_men_s_morris, uniq_gastronok
D:9:      cheibrodos_shockbox, layout_grid_maze, cheibrodos_worm_habitat,
          xom_butterflies, minmay_orc_entry_temple_small, evilmike_butchery
D:10:     layout_rooms, mainiacjoe_overflow_boulevard, minmay_lair_entry_grove,
          chequers_serial_rivers_micro_e, uniq_grum, uniq_fannar
D:11:     layout_cave_pools

Skill      XL: |  1  2  3  4  5  6  7  8  9 10 11 |
---------------+----------------------------------+-----
Axes           | 3 5 7 8 10 | 10.2
Fighting       | 4 6 7 |  7.8
Armour         | 4 5 7 |  7.4
Shields        | 4 |  4.1
Polearms       | 3 8 11 12 | 12.9
Throwing       | 3 5 |  5.0
Dodging        | 3 4 |  4.5

Action                   |  1- 3 |  4- 6 |  7- 9 | 10-12 || total
-------------------------+-------+-------+-------+-------++-------
Melee: War axe           |   117 |   169 |    49 |       ||   335
       Trident           |       |       |   143 |   236 ||   379
Invok: Convert to Beogh  |       |     1 |       |       ||     1
       Smiting           |       |       |       |     1 ||     1
  Use: Scroll            |       |       |     6 |     3 ||     9
Armor: Scale mail        |    71 |   122 |    39 |     1 ||   233
       Plate armour      |       |       |       |   168 ||   168
       Swamp dragon scal |       |       |       |     2 ||     2
Dodge: Dodged            |    68 |    95 |    60 |    50 ||   273
Block: Buckler           |    49 |    40 |    26 |    57 ||   172
       Reflection        |       |       |       |     8 ||     8
       Tower shield      |       |       |       |    79 ||    79
